FIQ, neutral male scurrid Tourist }}}}}}}}}}}}}}}}}}}}}}}}}}}}}}}}}}}}}}}}}}}}}}}}} }}}}}}}}}}}}}}}}}}}}}}}}}}}}}}}}}}}}}}}}}}}}}} }}}}}}}}}.}}}}}}.....}}}}}}}}}}}}}}}}}}}}} };}}}}}....}}}}}....}}}}}}}}}}}}}}}}}}} }...}}}}}}}}}}}....}}}..}}}}}}}}}}}} }.`.}}}}}}}}}}....}}}}..}}}}}}}} }...}}}}}}}}}}}}}}}}}}}}}}}}}}- }?..}}}}}}}}}}}}}}}}}}}}}}}}}.| }....}}Q}}?t.}}}}}}}}}}}}}}...----- }..?..Q}}}}.}}}}}}}}}}}}}}}.......| }....Q}}}}}}}}}}}}}}}}}}}}}...n...| }.oo.}}}}}}}}}}}}}}}}}}}}}}...- }.o.ooo}}}}}}}}}}}}}}}}}}}}}}.| }..o..o}}}}}}}}}}}}}}}}}}}}}}}----------------- }}}}...}}}}}}} }v.o.oo.}}}}}}}...}}}}}}}}}}}}}}}}}``.```.}}}}}}}}}}..}}}}}}}}}......}}}}}} }.r..oo`}}}}}}}}.....}}}}}}}}}}}}}}}}}}}}}}}}}}}}}}.....}}}}}}..}}}.}}}}}}} }}..!o}}}}}}}}}}}..M.}}}}}}}}}}}}}}}}}}}}}}}}}}}}}}}..}}}}}}}}}}}}}}}}}}}}} }}}}}}}}}}}}}}}}}..(.}}}}}}}}}}}}}}}}}}}}}}}..}}..}}}}}}}}}}}}}}}}}}}}}}}}} }}}}}}}}}}}}}}}}}}}}}}}}}}}}}}}}}}}}}}}}}}}}}}}}}}}}}}}}}}}}}}}}}}}}}}}}}}} }}}}}}}}}}}}}}}}}}}}}}}}}}}}}}}}}}}}}}}}}}}}}}}}}}}}}}}}}}}}}}}}}}}}}}}}}}} FIQ the Rambler Experience level: 1 Strength: 13 Dexterity: 10 Constitution: 14 Intelligence: 14 Wisdom: 10 Charisma: 14 Health: 7(9) Energy: 2(2) Def: 0 Gold: 2 Moves: 60 Dungeon seed: VKgKkBm6EZJne6t2 Game ID: FIQ_1498602068 Your Inventory: Coins $ - 2 gold pieces Weapons a - 36 uncursed +2 darts (in quiver) Armor e - a blessed +0 Hawaiian shirt (being worn) Comestibles b - 2 uncursed eggs c - an uncursed eucalyptus leaf d - an uncursed tripe ration f - an uncursed fortune cookie g - 4 uncursed food rations h - an uncursed chestnut i - an uncursed cram ration Scrolls k - 4 uncursed scrolls of magic mapping Potions j - 2 uncursed potions of extra healing Wands n - an uncursed wand of secret door detection (0:13) Tools l - an uncursed expensive camera (0:82) m - an uncursed credit card o - an uncursed towel Spells and supernatural/magical abilities: Name Level Category Fail Memory W - pray for help -- divine ? -- Your skills at the end: Miscellaneous Skills wands [Basic] Weapon Skills dart [Basic] Spellcasting Skills Final Attributes: You were devoutly aligned. You had infravision. You were very stealthy. You survived. Voluntary challenges: You went without food. You did not adorn yourself with jewelry or accessories. You did not cause conflict. You were not invisible. You did not have reflection. You were not displaced. You were an atheist. You never hit with a wielded weapon. You were a pacifist. You did not use tools. You did not use plumbed fixtures. You did not drink any magical draughts. You were illiterate. You never genocided any monsters. You never polymorphed an object. You never changed form. You used no wishes. You never split a pudding. You never wrote Elbereth's name. You never violated your personal moral code. Dungeon overview: The Dungeons of Doom: levels 1 to 25 Level 1 a long staircase Level 2 Level 3 Level 4 Level 5 Level 6 Level 7 Level 8 Level 9 Level 10 Level 11 Level 12 Level 13 Level 14 Level 15 Level 16 a fountain Level 17 Level 18 Level 19 Level 20 Level 21 Level 22 Level 23 Level 24 Level 25 <- You were here History has recorded: On T:1 you entered the Dungeons of Doom to retrieve the Amulet of Yendor! On T:4 you reached level 2 of The Dungeons of Doom. On T:6 you reached level 3 of The Dungeons of Doom. On T:8 you reached level 4 of The Dungeons of Doom. On T:10 you reached level 5 of The Dungeons of Doom. On T:13 you reached level 6 of The Dungeons of Doom. On T:15 you reached level 7 of The Dungeons of Doom. On T:17 you reached level 8 of The Dungeons of Doom. On T:19 you reached level 9 of The Dungeons of Doom. On T:22 you reached level 10 of The Dungeons of Doom. On T:25 you reached level 11 of The Dungeons of Doom. On T:28 you reached level 12 of The Dungeons of Doom. On T:30 you reached level 13 of The Dungeons of Doom. On T:32 you reached level 14 of The Dungeons of Doom. On T:34 you reached level 15 of The Dungeons of Doom. On T:34 you entered the Rogue tribute level. On T:37 you reached level 16 of The Dungeons of Doom. On T:39 you reached level 17 of The Dungeons of Doom. On T:41 you reached level 18 of The Dungeons of Doom. On T:43 you reached level 19 of The Dungeons of Doom. On T:47 you reached level 20 of The Dungeons of Doom. On T:49 you reached level 21 of The Dungeons of Doom. On T:52 you reached level 22 of The Dungeons of Doom. On T:54 you reached level 23 of The Dungeons of Doom. On T:56 you reached level 24 of The Dungeons of Doom. On T:58 you reached level 25 of The Dungeons of Doom. Score breakdown: Gold: 0 ( 0 points) Experience: 1 level ( 0 points) Exploration: 25 levels ( 720 points) Discoveries: 0 items ( 0 points) Variety of kills: 0 monsters ( 0 points) Major goal: (nothing yet) ( 0 points) Survival: quit (score multiplied by 3) Total score: 2160 Latest messages: You fall through... You start digging downward. You continue digging downward. You dig a pit in the floor. You continue digging downward. You dig a hole through the floor. You fall through... You start digging downward. You continue digging downward. You dig a pit in the floor. You continue digging downward. You dig a hole through the floor. You fall through... You start digging downward. You continue digging downward. You dig a pit in the floor. You continue digging downward. You dig a hole through the floor. You fall through... The energy vortex engulfs you! You get expelled! That command is only available in debug mode. The Green-elf wields a runed bow! The energy vortex engulfs you! The air around you crackles with electricity. You get expelled! That command is only available in debug mode. Final status: Aloha FIQ the Tourist, quit... You quit in The Dungeons of Doom on dungeon level 25 with 2160 points, and 2 pieces of gold, after 60 moves. You were level 1 with a maximum of 9 hit points when you quit.